[Event "NJSK 2021 Jeugd A"]
[Site "Almelo, Netherlands"]
[Date "2021.08.04"]
[Round "4.3"]
[White "Grutter, Tim"]
[Black "Maters, Arthur"]
[Result "1/2-1/2"]
[WhiteElo "2253"]
[BlackElo "2032"]
[PlyCount "103"]
[EventDate "2021.??.??"]
[TimeControl "90/40+30:0"]

1. e4 {0} c5 {4} 2. Nf3 {3} d6 {3} 3. d4 {3} cxd4 {4} 4. Nxd4 {3} Nf6 {6} 5.
Nc3 {3} a6 {5} 6. h4 {2} g6 {137} 7. g3 {535} Bg7 {100} 8. Bg2 {18} O-O {19} 9.
O-O {519} Bg4 {330} 10. f3 {86} Bd7 {15} 11. Be3 {185} Nc6 {69} 12. Nxc6 {1118}
Bxc6 {323} 13. Bd4 {439} e5 {399} 14. Be3 {263} Qc7 {627} 15. a4 {298} b6 {144}
16. Qd2 {160} Rfd8 {130} 17. Bg5 {94} d5 {311} 18. exd5 {444} Bxd5 {47} 19.
Bxf6 {51} Bxf6 {13} 20. Nxd5 {46} Qc5+ {5} 21. Qf2 {82} Rxd5 {659} 22. f4 {380}
e4 {36} 23. Qxc5 {32} Rxc5 {7} 24. c3 {61} Re8 {37} 25. Rfe1 {80} e3 {258} 26.
Rad1 {112} Rc4 {184} 27. Rd6 {116} Be7 {79} 28. Rd3 {325} e2 {259} 29. Rxe2 {
206} Bc5+ {15} 30. Kf1 {1} Rxe2 {24} 31. Kxe2 {1} Rxa4 {14} 32. Rd8+ {69} Kg7 {
15} 33. Bd5 {77} Be7 {217} 34. Re8 {35} Ra5 {201} 35. Bc4 {72} Rc5 {31} 36.
Bxa6 {87} Rc7 {4} 37. Bd3 {196} h5 {226} 38. Kf3 {53} Kf6 {437} 39. Rb8 {114}
Bc5 {48} 40. Re8 {175} Rd7 {101} 41. Be2 {235} Re7 {332} 42. Rxe7 {11} Kxe7 {23
} 43. b4 {239} Bg1 {77} 44. Bc4 {107} Kf6 {107} 45. Bb3 {109} Ke7 {68} 46. Bd5
{329} Kf6 {21} 47. c4 {24} Ke7 {164} 48. c5 {77} bxc5 {91} 49. b5 {7} c4 {71}
50. Bxc4 {7} f5 {7} 51. Ke2 {47} Bc5 {55} 52. b6 {269} 1/2-1/2

[Event "NJSK 2021 Jeugd A"]
[Site "Almelo, Netherlands"]
[Date "2021.08.04"]
[Round "4.4"]
[White "Broersma, Sven"]
[Black "Honkoop, Gilian"]
[Result "0-1"]
[WhiteElo "1710"]
[BlackElo "2157"]
[PlyCount "84"]
[EventDate "2021.??.??"]
[TimeControl "90/40+30:0"]

1. d4 {1} Nf6 {5} 2. c4 {8} e6 {3} 3. Nc3 {6} Bb4 {3} 4. a3 {10} Bxc3+ {10} 5.
bxc3 {7} c5 {137} 6. e3 {25} Nc6 {85} 7. Bd3 {46} b6 {112} 8. Ne2 {64} Ba6 {101
} 9. e4 {295} Na5 {443} 10. e5 {1614} Ng8 {35} 11. Ng3 {217} f5 {675} 12. Qe2 {
315} cxd4 {243} 13. cxd4 {26} Nb3 {104} 14. Bxf5 {1342} g6 {847} 15. Be4 {1293}
Nxa1 {11} 16. Bxa8 {8} Qxa8 {30} 17. Ne4 {103} Kf8 {763} 18. O-O {267} Nb3 {362
} 19. Qf3+ {97} Kg7 {5} 20. Bg5 {29} Nxd4 {606} 21. Qd3 {42} Bxc4 {718} 22.
Qxd4 {1} Qd5 {7} 23. Rd1 {78} h6 {89} 24. Be3 {168} Ne7 {65} 25. Nc3 {60} Qxd4
{50} 26. Bxd4 {6} Rc8 {233} 27. Ne4 {60} Bb3 {86} 28. Re1 {0} Rc4 {181} 29. Be3
{2} Rxe4 {41} 30. Bxh6+ {7} Kxh6 {3} 31. Rxe4 {3} a5 {42} 32. f4 {76} b5 {25}
33. Kf2 {72} Bd5 {4} 34. Re2 {30} b4 {6} 35. axb4 {26} axb4 {4} 36. g4 {20} b3
{27} 37. Ke3 {13} Nc6 {99} 38. Rf2 {101} Nb4 {23} 39. Kd4 {28} Nc2+ {21} 40.
Kc3 {3} Ne3 {6} 41. g5+ {421} Kh5 {17} 42. Kb4 {193} Kg4 {185} 0-1

[Event "NJSK 2021 Jeugd A"]
[Site "Almelo, Netherlands"]
[Date "2021.08.04"]
[Round "4.5"]
[White "Roebers, Eline"]
[Black "Arabi, Osama"]
[Result "1-0"]
[WhiteElo "2173"]
[BlackElo "1901"]
[PlyCount "57"]
[EventDate "2021.??.??"]
[TimeControl "90/40+30:0"]

1. e4 {2} c5 {17} 2. Nf3 {5} Nc6 {12} 3. d4 {4} cxd4 {15} 4. Nxd4 {4} e5 {31}
5. Nb5 {4} d6 {8} 6. N1c3 {4} a6 {9} 7. Na3 {4} Be7 {7} 8. Be3 {32} Nf6 {35} 9.
Nc4 {26} b5 {17} 10. Nb6 {14} Rb8 {17} 11. Nxc8 {7} Qxc8 {10} 12. Be2 {474} O-O
{122} 13. a3 {35} b4 {84} 14. Nd5 {567} Nxe4 {548} 15. axb4 {84} Bd8 {259} 16.
Bxa6 {202} Qe6 {65} 17. c3 {112} Nd4 {577} 18. Bc4 {282} Qc8 {126} 19. Bd3 {163
} Ne6 {165} 20. Bxe4 {27} f5 {20} 21. Bc2 {58} f4 {26} 22. Bc1 {70} g5 {100}
23. Qg4 {284} h5 {38} 24. Qxh5 {26} Rb7 {63} 25. Qg4 {64} Rbf7 {55} 26. h4 {61}
f3 {137} 27. g3 {47} Qd7 {42} 28. hxg5 {45} Qb5 {61} 29. c4 {5} 1-0

[Event "NJSK 2021 Jeugd A"]
[Site "Almelo, Netherlands"]
[Date "2021.08.04"]
[Round "4.6"]
[White "Van Foreest, Machteld"]
[Black "Verheul, Job"]
[Result "1-0"]
[WhiteElo "2161"]
[BlackElo "1655"]
[PlyCount "79"]
[EventDate "2021.??.??"]
[TimeControl "90/40+30:0"]

1. e4 {0} c6 {4} 2. d4 {3} d5 {7} 3. Nd2 {9} dxe4 {7} 4. Nxe4 {5} Nf6 {9} 5.
Nxf6+ {4} exf6 {8} 6. Nf3 {4} Bd6 {13} 7. Bd3 {23} O-O {22} 8. O-O {4} Bg4 {42}
9. c3 {212} Na6 {34} 10. Bxa6 {839} bxa6 {29} 11. Qd3 {8} a5 {426} 12. Bd2 {
1009} Bc7 {198} 13. Nh4 {1062} Qd5 {1046} 14. f3 {575} Bd7 {602} 15. f4 {65} g6
{399} 16. c4 {329} Qd6 {130} 17. Bc3 {113} Rad8 {454} 18. Rad1 {149} Bc8 {45}
19. Kh1 {116} Rfe8 {122} 20. Be1 {639} Bg4 {272} 21. Nf3 {39} Bb6 {739} 22. f5
{168} Bxf5 {335} 23. Qc3 {6} Bg4 {273} 24. Bg3 {180} Qb4 {648} 25. c5 {39} Qxc3
{97} 26. bxc3 {2} Bxc5 {92} 27. dxc5 {1} Rxd1 {9} 28. Rxd1 {2} Re2 {21} 29.
Rd8+ {119} Kg7 {6} 30. Nd4 {37} Rxa2 {29} 31. h3 {6} Be2 {119} 32. Bd6 {32} g5
{50} 33. Nxe2 {100} Rxe2 {3} 34. Rc8 {9} a4 {95} 35. Rxc6 {5} a3 {3} 36. Ra6 {7
} a2 {5} 37. Kh2 {34} f5 {16} 38. c6 {13} f4 {90} 39. c7 {46} f3 {45} 40. c8=Q
{14} 1-0

[Event "NJSK 2021 Jeugd A"]
[Site "Almelo, Netherlands"]
[Date "2021.08.04"]
[Round "4.7"]
[White "Hubers, Daan"]
[Black "Kruimer, Matthias"]
[Result "0-1"]
[WhiteElo "1695"]
[BlackElo "1909"]
[PlyCount "87"]
[EventDate "2021.??.??"]
[TimeControl "90/40+30:0"]

1. b4 {92} c6 {27} 2. e3 {78} d5 {173} 3. Bb2 {273} Nf6 {36} 4. c4 {241} Bf5 {
58} 5. c5 {244} e6 {166} 6. a4 {159} a5 {113} 7. Qb3 {377} Qc7 {286} 8. Bxf6 {
372} gxf6 {12} 9. d4 {160} b6 {1014} 10. b5 {1020} bxc5 {46} 11. dxc5 {41} Bxc5
{112} 12. Nd2 {39} cxb5 {664} 13. Bxb5+ {21} Nd7 {52} 14. Rc1 {143} Ke7 {338}
15. Bxd7 {220} Kxd7 {18} 16. Qb5+ {272} Kd6 {127} 17. e4 {722} Bxf2+ {629} 18.
Kxf2 {82} Qxc1 {14} 19. Qb6+ {19} Qc6 {110} 20. Qxc6+ {16} Kxc6 {4} 21. exf5 {5
} Rab8 {54} 22. Ngf3 {80} Rb4 {58} 23. Ra1 {75} e5 {239} 24. Ke3 {124} Rg8 {238
} 25. g3 {209} Rgg4 {64} 26. Rc1+ {80} Kd6 {4} 27. Rc8 {62} Rxa4 {52} 28. Rh8 {
31} Rgb4 {164} 29. Rxh7 {95} Ra3+ {25} 30. Ke2 {39} Ke7 {26} 31. Nh4 {218} Kf8
{191} 32. Rh8+ {106} Kg7 {48} 33. Rd8 {21} d4 {28} 34. Nhf3 {40} Rb2 {65} 35.
Re8 {160} Rxf3 {89} 36. Kxf3 {27} Rxd2 {6} 37. h4 {70} a4 {158} 38. g4 {73} a3
{80} 39. g5 {12} Rd1 {109} 40. Ra8 {32} Ra1 {28} 41. Ra6 {43} fxg5 {47} 42.
hxg5 {21} a2 {26} 43. Ke2 {144} Rh1 {32} 44. f6+ {87} 0-1

[Event "NJSK 2021 Jeugd A"]
[Site "Almelo, Netherlands"]
[Date "2021.08.04"]
[Round "4.8"]
[White "Arnold, Kiri"]
[Black "Van Dam, Thijs"]
[Result "1-0"]
[WhiteElo "1827"]
[BlackElo "1848"]
[PlyCount "93"]
[EventDate "2021.??.??"]
[TimeControl "90/40+30:0"]

1. e4 {0} c5 {9} 2. Nf3 {21} g6 {9} 3. c3 {50} Bg7 {20} 4. d4 {14} cxd4 {8} 5.
cxd4 {17} d5 {16} 6. e5 {28} Bg4 {37} 7. Bb5+ {63} Nc6 {47} 8. Bxc6+ {60} bxc6
{6} 9. Nbd2 {25} e6 {193} 10. O-O {155} Ne7 {84} 11. h3 {419} Bxf3 {7} 12. Nxf3
{17} O-O {27} 13. b3 {178} c5 {877} 14. dxc5 {498} Qc7 {50} 15. Qc2 {434} Nc6 {
155} 16. Bf4 {1489} f6 {16} 17. exf6 {81} Qxf4 {2} 18. fxg7 {4} Kxg7 {1035} 19.
Qc3+ Rf6 {886} 20. Qe3 Qc7 {865} 21. Nd4 {0} e5 {0} 22. Nxc6 Qxc6 {236} 23.
Qxe5 {41} Re8 {97} 24. Qc3 Kf7 {421} 25. Rfe1 Rfe6 {188} 26. Rxe6 Rxe6 {190}
27. b4 Qa4 {503} 28. Qb3 {31} Qc6 {59} 29. a4 {52} Ke7 {11} 30. Rc1 {183} d4 {
30} 31. b5 {114} Qe4 {12} 32. Rd1 {26} Qe2 {86} 33. Qd3 {155} Qxd3 {45} 34.
Rxd3 {1} Re1+ {13} 35. Kh2 {21} Rc1 {0} 36. b6 {211} axb6 {37} 37. cxb6 {6} Kd7
{211} 38. Rxd4+ {14} Kc6 {13} 39. Rb4 {24} Kb7 {16} 40. Kg3 {78} h6 {34} 41.
Rg4 {95} g5 {60} 42. Rb4 {12} Rc5 {17} 43. Rb5 {62} Rc3+ {28} 44. f3 {11} Rc4 {
63} 45. a5 {12} Ka6 {14} 46. b7 {12} g4 {25} 47. b8=Q {14} 1-0

[Event "NJSK 2021 Jeugd A"]
[Site "Almelo, Netherlands"]
[Date "2021.08.04"]
[Round "4.9"]
[White "Sonneveld, David"]
[Black "Li-Behn, Tobias"]
[Result "0-1"]
[WhiteElo "1589"]
[BlackElo "1443"]
[PlyCount "60"]
[EventDate "2021.??.??"]
[TimeControl "90/40+30:0"]

1. d4 {3} f5 {17} 2. Nc3 {11} Nf6 {18} 3. Bg5 {7} d5 {31} 4. Bxf6 {25} exf6 {11
} 5. e3 {5} Be6 {47} 6. Bd3 {5} Nc6 {27} 7. Nge2 {34} Qd7 {122} 8. a3 {8} a6 {
50} 9. O-O {234} Bd6 {44} 10. b4 {295} O-O {129} 11. Qd2 {1350} Ne7 {366} 12.
f3 {539} b6 {472} 13. e4 {221} fxe4 {261} 14. fxe4 {10} c5 {307} 15. exd5 {172}
Nxd5 {281} 16. Nxd5 {61} Bxd5 {36} 17. dxc5 {306} bxc5 {58} 18. Rad1 {265} Rfd8
{430} 19. Nf4 {539} Bf7 {414} 20. Rf3 {701} Qc7 {968} 21. Qc1 {533} cxb4 {386}
22. axb4 {41} Bxb4 {138} 23. Rh3 {111} h6 {212} 24. Ng6 {74} Qc5+ {298} 25. Kh1
{14} Rxd3 {206} 26. Rdxd3 {120} Bxg6 {52} 27. Rdg3 {44} Qxc2 {123} 28. Qxc2 {22
} Bxc2 {1} 29. Rxh6 {0} Kf7 {90} 30. Rh5 {50} Rd8 {70} 0-1

[Event "NJSK 2021 Jeugd A"]
[Site "Almelo, Netherlands"]
[Date "2021.08.04"]
[Round "4.10"]
[White "Torensma, Christian"]
[Black "Verweij, David"]
[Result "1/2-1/2"]
[WhiteElo "1641"]
[BlackElo "1833"]
[PlyCount "87"]
[EventDate "2021.??.??"]
[TimeControl "90/40+30:0"]

1. d4 {2} Nf6 {5} 2. c4 {6} g6 {3} 3. Nc3 {11} Bg7 {4} 4. e4 {5} d6 {4} 5. f4 {
51} c5 {4} 6. d5 {9} O-O {12} 7. Nf3 {10} e6 {8} 8. dxe6 {32} Bxe6 {110} 9. Bd3
{21} Nc6 {74} 10. O-O {24} Re8 {79} 11. f5 {127} Bd7 {81} 12. Bg5 {157} Qb6 {
301} 13. Qd2 {637} Nb4 {767} 14. Bb1 {273} Bc6 {959} 15. Bxf6 {1563} Bxf6 {11}
16. Qxd6 {417} Bd4+ {154} 17. Kh1 {540} Nc2 {886} 18. Bxc2 {177} Qxb2 {10} 19.
Nxd4 {64} cxd4 {68} 20. Qxd4 {111} Qxc2 {94} 21. Rac1 {734} Qb2 {143} 22. Rb1 {
13} Qc2 {204} 23. Rfc1 {21} Rad8 {16} 24. Qxd8 {44} Qxc1+ {14} 25. Rxc1 {62}
Rxd8 {6} 26. fxg6 {192} hxg6 {47} 27. Nd5 {27} Bxd5 {142} 28. cxd5 {21} Rd7 {13
} 29. Kg1 {121} Kg7 {8} 30. Kf2 {29} Kf6 {6} 31. Ke3 {205} Ke5 {10} 32. Rc8 {89
} Re7 {268} 33. g4 {119} f5 {63} 34. gxf5 {73} gxf5 {10} 35. Rc4 {40} Rh7 {74}
36. exf5 {119} Rh3+ {76} 37. Kf2 {35} Rxh2+ {10} 38. Kf3 {113} Rxa2 {17} 39. d6
{78} Kxd6 {158} 40. Re4 {7} a5 {105} 41. f6 {91} Ra1 {370} 42. Kg2 {206} Ra2+ {
67} 43. Kf3 {44} Ra3+ {236} 44. Kg2 {45} 1/2-1/2

[Event "NJSK 2021 Jeugd A"]
[Site "Almelo, Netherlands"]
[Date "2021.08.05"]
[Round "5.1"]
[White "Elgersma, Onno"]
[Black "Hilwerda, Jonas"]
[Result "0-1"]
[WhiteElo "2292"]
[BlackElo "2240"]
[PlyCount "62"]
[EventDate "2021.??.??"]
[TimeControl "90/40+30:0"]

1. e4 {16952} c5 {12} 2. Nf3 {4} Nc6 {3} 3. Bb5 {4} g6 {3} 4. O-O {5} Bg7 {2}
5. Re1 {4} e5 {4} 6. Bxc6 {12} dxc6 {2} 7. d3 {6} Qe7 {8} 8. a3 {126} a5 {132}
9. Be3 {85} Nf6 {48} 10. h3 {362} O-O {17} 11. Nbd2 {20} Nd7 {313} 12. h4 {730}
h6 {225} 13. Nc4 {498} b5 {1163} 14. Ncd2 {4} f5 {104} 15. exf5 {189} gxf5 {1}
16. Bf4 {170} Re8 {632} 17. a4 {700} Qf7 {622} 18. Bh2 {161} c4 {106} 19. Rb1 {
1168} cxd3 {628} 20. cxd3 {138} Qd5 {69} 21. Nf1 {419} Bb7 {202} 22. Ne3 {345}
Qf7 {43} 23. Rc1 {224} Rac8 {51} 24. axb5 {337} cxb5 {22} 25. Rxc8 {5} Rxc8 {
527} 26. d4 {155} f4 {43} 27. Ng4 {36} exd4 {50} 28. Nfe5 {166} Nxe5 {67} 29.
Nxe5 {3} Bxe5 {87} 30. Rxe5 {6} Qg7 {41} 31. Qb3+ {257} Kh8 {0} 0-1

[Event "NJSK 2021 Jeugd A"]
[Site "Almelo, Netherlands"]
[Date "2021.08.05"]
[Round "5.2"]
[White "Honkoop, Gilian"]
[Black "Bruil, Rembrandt"]
[Result "1-0"]
[WhiteElo "2157"]
[BlackElo "2105"]
[PlyCount "43"]
[EventDate "2021.??.??"]
[TimeControl "90/40+30:0"]

1. c4 {2} e6 {23} 2. Nf3 {20} d5 {23} 3. e3 {6} a6 {133} 4. b3 {29} c5 {65} 5.
Bb2 {49} Nc6 {43} 6. d4 {323} cxd4 {214} 7. exd4 {17} Nf6 {175} 8. Nbd2 {281}
Be7 {421} 9. Bd3 {280} O-O {80} 10. O-O {3} Rb8 {315} 11. Ne5 {887} dxc4 {305}
12. Nxc6 {51} bxc6 {6} 13. Nxc4 {27} Bb7 {363} 14. Rc1 {570} c5 {928} 15. dxc5
{504} Bxc5 {80} 16. Bxf6 {198} gxf6 {273} 17. Bxh7+ {132} Kxh7 {240} 18. Qh5+ {
3} Kg7 {20} 19. Qg4+ {34} Kh7 {181} 20. Rc3 {5} Bxg2 {20} 21. Qh5+ {6} Kg7 {16}
22. Rg3# {4} 1-0

[Event "NJSK 2021 Jeugd A"]
[Site "Almelo, Netherlands"]
[Date "2021.08.05"]
[Round "5.3"]
[White "Kruimer, Matthias"]
[Black "Grutter, Tim"]
[Result "0-1"]
[WhiteElo "1909"]
[BlackElo "2253"]
[PlyCount "62"]
[EventDate "2021.??.??"]
[TimeControl "90/40+30:0"]

1. e4 {3} c5 {4} 2. Nc3 {4} Nc6 {4} 3. Bb5 {12} Nd4 {5} 4. Nf3 {7} Nxb5 {5} 5.
Nxb5 {6} a6 {5} 6. Nc3 {4} b5 {4} 7. d4 {4} cxd4 {5} 8. Qxd4 {6} e6 {6} 9. O-O
{61} Bb7 {25} 10. Re1 {110} Nf6 {431} 11. a4 {278} b4 {176} 12. Nd5 {51} Bxd5 {
141} 13. exd5 {15} Rc8 {420} 14. d6 {712} Rc6 {133} 15. Bf4 {242} Qb6 {226} 16.
Rad1 {491} Nh5 {353} 17. Be5 {926} Qxd4 {324} 18. Nxd4 {273} Rc5 {106} 19. h3 {
318} Nf6 {716} 20. Nb3 {491} Rc8 {578} 21. Rd4 {183} Kd8 {556} 22. Rxb4 {498}
Nd5 {7} 23. Rd4 {83} f6 {31} 24. Bg3 {68} Rxc2 {28} 25. Na5 {287} g5 {436} 26.
b4 {0} Bg7 {81} 27. b5 {200} f5 {418} 28. Rxd5 {255} exd5 {5} 29. bxa6 {15} Bd4
{56} 30. Re7 {227} f4 {96} 31. Nb7+ {193} Kc8 {4} 0-1

[Event "NJSK 2021 Jeugd A"]
[Site "Almelo, Netherlands"]
[Date "2021.08.05"]
[Round "5.4"]
[White "Maters, Arthur"]
[Black "Van Foreest, Machteld"]
[Result "0-1"]
[WhiteElo "2032"]
[BlackElo "2161"]
[PlyCount "78"]
[EventDate "2021.??.??"]
[TimeControl "90/40+30:0"]

1. e4 {0} e5 {3} 2. Bc4 {5} Nf6 {6} 3. d3 {5} Nc6 {224} 4. Nc3 {5} d6 {290} 5.
Nge2 {351} Be6 {300} 6. Bxe6 {240} fxe6 {68} 7. f4 {22} Qd7 {89} 8. fxe5 {212}
Nxe5 {93} 9. d4 {34} Nc6 {182} 10. Bg5 {340} O-O-O {206} 11. Qd2 {103} Be7 {90}
12. O-O-O {17} h6 {174} 13. Bf4 {554} Ng4 {134} 14. Rhf1 {382} e5 {1424} 15.
dxe5 {33} Ngxe5 {312} 16. Ng3 {268} Qe6 {455} 17. Nd5 {323} Kb8 {306} 18. Qc3 {
455} Rdf8 {284} 19. Bxe5 {432} dxe5 {79} 20. Nxe7 {46} Nxe7 {58} 21. Kb1 {307}
Nc6 {76} 22. Nf5 {149} Rf7 {433} 23. Qe3 {374} a6 {68} 24. a3 {122} g6 {77} 25.
Nxh6 {452} Rfh7 {151} 26. Qc5 {5} b6 {53} 27. Rf8+ {5} Kb7 {104} 28. Rxh8 {7}
bxc5 {243} 29. Rxh7 {3} Nd4 {29} 30. Nf7 {135} Kb8 {109} 31. c3 {314} Qg4 {11}
32. Re1 {80} Ne2 {2} 33. Ng5 {295} Nf4 {19} 34. h4 {241} Nd3 {26} 35. Re3 {92}
Qd1+ {2} 36. Ka2 {6} Nc1+ {4} 37. Kb1 {42} Nb3+ {4} 38. Ka2 {4} Nd2 {5} 39.
Rh8+ {53} Ka7 {6} 0-1

[Event "NJSK 2021 Jeugd A"]
[Site "Almelo, Netherlands"]
[Date "2021.08.05"]
[Round "5.5"]
[White "Shakhverdian, William"]
[Black "Roebers, Eline"]
[Result "0-1"]
[WhiteElo "2074"]
[BlackElo "2173"]
[PlyCount "60"]
[EventDate "2021.??.??"]
[TimeControl "90/40+30:0"]

1. d4 {2} f5 {17} 2. c4 {0} Nf6 {3} 3. Nc3 {18} d6 {3} 4. h4 {149} e6 {483} 5.
Nh3 {164} Be7 {42} 6. Bg5 {9} O-O {26} 7. e3 {697} Qe8 {42} 8. Bd3 {133} Bd8 {
382} 9. Nf4 {753} c6 {425} 10. Qc2 {432} e5 {47} 11. dxe5 {56} dxe5 {5} 12. Nh3
{16} e4 {619} 13. Be2 {8} Nbd7 {3} 14. O-O-O {502} a6 {193} 15. f3 {73} b5 {134
} 16. a3 {209} Nc5 {662} 17. Nf2 {508} Be6 {534} 18. fxe4 {1130} Nfxe4 {348}
19. Nfxe4 {8} fxe4 {17} 20. Bf4 {254} Nd3+ {146} 21. Bxd3 {133} exd3 {4} 22.
Qxd3 {10} Bxc4 {4} 23. Qd6 {271} Bb6 {185} 24. Bg5 {91} a5 {145} 25. e4 {97} h6
{614} 26. Rh3 {235} hxg5 {275} 27. hxg5 {6} Be6 {100} 28. Rdh1 {222} Bxh3 {73}
29. Rxh3 {4} Qf7 {80} 30. g6 {92} Qf4+ {4} 0-1

[Event "NJSK 2021 Jeugd A"]
[Site "Almelo, Netherlands"]
[Date "2021.08.05"]
[Round "5.6"]
[White "Arabi, Osama"]
[Black "Arnold, Kiri"]
[Result "1-0"]
[WhiteElo "1901"]
[BlackElo "1827"]
[PlyCount "43"]
[EventDate "2021.??.??"]
[TimeControl "90/40+30:0"]

1. d4 {2} Nf6 {3} 2. c4 {5} c5 {10} 3. d5 {5} b5 {25} 4. cxb5 {6} a6 {32} 5. e3
{6} e6 {552} 6. Nc3 {91} exd5 {505} 7. Nxd5 {940} Be7 {830} 8. Nf3 {462} axb5 {
617} 9. Bxb5 {132} Nxd5 {475} 10. Qxd5 {74} Qa5+ {982} 11. Bd2 {65} Qxb5 {23}
12. Qxa8 {71} Ba6 {43} 13. O-O-O {172} O-O {449} 14. Qe4 {145} Bf6 {101} 15.
Qc2 {90} Nc6 {134} 16. a3 {267} d5 {192} 17. Bc3 {202} Nb4 {348} 18. axb4 {87}
cxb4 {4} 19. Bxf6 {635} b3 {117} 20. Qf5 {1103} Rc8+ {240} 21. Bc3 {52} Qa5 {57
} 22. Qxc8+ {21} 1-0

[Event "NJSK 2021 Jeugd A"]
[Site "Almelo, Netherlands"]
[Date "2021.08.05"]
[Round "5.7"]
[White "Verheul, Job"]
[Black "Broersma, Sven"]
[Result "1-0"]
[WhiteElo "1655"]
[BlackElo "1710"]
[PlyCount "51"]
[EventDate "2021.??.??"]
[TimeControl "90/40+30:0"]

1. e4 {1} c5 {11} 2. Nf3 {5} d6 {5} 3. Bb5+ {7} Nd7 {14} 4. d4 {12} cxd4 {16}
5. Qxd4 {7} a6 {19} 6. Bxd7+ {8} Bxd7 {7} 7. c4 {8} Nf6 {39} 8. Bg5 {9} e6 {8}
9. Nc3 {26} h6 {30} 10. Bh4 {38} g5 {12} 11. Bg3 {103} e5 {15} 12. Qd3 {813}
Rc8 {202} 13. b3 {225} Qc7 {171} 14. O-O {276} b5 {588} 15. Nd2 {408} bxc4 {
1119} 16. Nxc4 {271} Be6 {132} 17. Rac1 {871} Bxc4 {221} 18. bxc4 {10} Qxc4 {0}
19. Qxc4 {987} Rxc4 {13} 20. Nd5 {17} Nxd5 {1076} 21. Rxc4 {11} Ne7 {43} 22.
Rb1 {197} f5 {189} 23. exf5 {263} Nxf5 {18} 24. Rc7 {73} Be7 {124} 25. Rc8+ {
252} Bd8 {12} 26. Rxd8+ {46} 1-0

[Event "NJSK 2021 Jeugd A"]
[Site "Almelo, Netherlands"]
[Date "2021.08.05"]
[Round "5.8"]
[White "Li-Behn, Tobias"]
[Black "Hubers, Daan"]
[Result "0-1"]
[WhiteElo "1443"]
[BlackElo "1695"]
[PlyCount "130"]
[EventDate "2021.??.??"]
[TimeControl "90/40+30:0"]

1. c4 {2} g6 {25} 2. Nc3 {9} Bg7 {12} 3. g3 {11} d6 {55} 4. Bg2 {11} Nc6 {23}
5. e4 {20} h5 {62} 6. h3 {57} Be6 {223} 7. d3 {74} Qd7 {471} 8. Nge2 {32} f5 {
59} 9. Be3 {350} h4 {365} 10. Qd2 {700} hxg3 {89} 11. fxg3 {145} fxe4 {122} 12.
Bxe4 {16} Bf5 {35} 13. O-O-O {972} Bxe4 {258} 14. Nxe4 {72} Rxh3 {86} 15. Nf4 {
190} Rxh1 {209} 16. Rxh1 {2} Qf5 {197} 17. g4 {307} Qd7 {503} 18. Rh7 {392} Be5
{1553} 19. Nxg6 {816} Qxg4 {156} 20. Nxe5 {75} Nxe5 {39} 21. Ng5 {513} Qf5 {242
} 22. Qc2 {292} O-O-O {131} 23. Rh1 {184} Qxd3 {79} 24. Qxd3 {92} Nxd3+ {3} 25.
Kc2 {6} Ne5 {28} 26. Kc3 {33} Nf6 {37} 27. b4 {52} Rg8 {51} 28. a4 {135} Rxg5 {
52} 29. Bxg5 {50} Ne4+ {5} 30. Kd4 {45} Nxg5 {17} 31. c5 Ngf3+ {145} 32. Kd5 {
25} Kd7 {54} 33. cxd6 {73} cxd6 {32} 34. Rh7 {48} Ne1 {53} 35. a5 {53} a6 {17}
36. Kd4 {38} Nc6+ {125} 37. Kc3 {12} Nf3 {63} 38. Rg7 {37} d5 {29} 39. Rg3 {29}
d4+ {29} 40. Kc4 {75} Nd2+ {36} 41. Kd3 {62} Nf1 {54} 42. Rg5 {70} Kd6 {41} 43.
b5 {74} axb5 {7} 44. Rxb5 {14} e5 {14} 45. Rxb7 {61} Nxa5 {12} 46. Rg7 {73} Ne3
{53} 47. Ke4 {257} Nb3 48. Rg6+ Kc5 49. Kxe5 Nc4+ 50. Ke4 Nbd2+ 51. Kf4 Ne3 52.
Rg8 Nd5+ 53. Kg3 d3 54. Ra8 Ne4+ 55. Kf3 d2 56. Ra5+ Kd4 57. Ra4+ Kd3 58. Ra1
Ndc3 59. Rg1 Ng5+ 60. Kg4 Nge4 61. Kf3 Ng3 62. Ra1 Nge2 63. Kf2 Nc1 64. Ra8 Kc2
65. Rd8 {0} Nd3+ {0} 0-1

[Event "NJSK 2021 Jeugd A"]
[Site "Almelo, Netherlands"]
[Date "2021.08.05"]
[Round "5.9"]
[White "Sonneveld, David"]
[Black "Torensma, Christian"]
[Result "1/2-1/2"]
[WhiteElo "1589"]
[BlackElo "1641"]
[PlyCount "43"]
[EventDate "2021.??.??"]
[TimeControl "90/40+30:0"]

1. e4 {27} e6 {14} 2. d4 {4} d5 {13} 3. exd5 {4} exd5 {8} 4. Nf3 {16} Nc6 {13}
5. c3 {33} Bd6 {13} 6. Bd3 {39} Nge7 {17} 7. h3 {52} Bf5 {24} 8. O-O {38} Qd7 {
47} 9. Re1 {416} f6 {122} 10. Na3 {689} O-O {231} 11. Nb5 {91} Rae8 {189} 12.
Nxd6 {41} Qxd6 {15} 13. Bxf5 {47} Nxf5 {13} 14. Rxe8 {13} Rxe8 {19} 15. Qd3 {29
} Qe6 {1307} 16. Bf4 {272} Nd6 {97} 17. Re1 {191} Qd7 {8} 18. Rxe8+ {140} Nxe8
{14} 19. Qb5 {214} b6 {234} 20. Qe2 {786} Kf7 {153} 21. Nd2 {542} g6 {448} 22.
Qd3 {487} 1/2-1/2

[Event "NJSK 2021 Jeugd A"]
[Site "Almelo, Netherlands"]
[Date "2021.08.05"]
[Round "5.10"]
[White "Van Dam, Thijs"]
[Black "Verweij, David"]
[Result "1-0"]
[WhiteElo "1848"]
[BlackElo "1833"]
[PlyCount "85"]
[EventDate "2021.??.??"]
[TimeControl "90/40+30:0"]

1. d4 {2} Nf6 {3} 2. Bg5 {14} c5 {31} 3. Bxf6 {19} exf6 {46} 4. e3 {98} Be7 {87
} 5. c3 {101} O-O {16} 6. g3 {22} cxd4 {192} 7. cxd4 {70} Nc6 {74} 8. Bg2 {22}
d5 {13} 9. Nc3 {83} Be6 {904} 10. Nge2 {35} Qa5 {180} 11. a3 {126} Rfd8 {244}
12. O-O {66} Bf8 {117} 13. Nf4 {214} Ne7 {47} 14. b4 {95} Qb6 {97} 15. Qb3 {95}
Qd6 {425} 16. Rfc1 {95} a6 {103} 17. Na4 {44} g5 {48} 18. Nd3 {68} h5 {236} 19.
Qd1 {406} g4 {222} 20. Nac5 {69} Bc8 {131} 21. Nf4 {182} h4 {23} 22. gxh4 {34}
Bh6 {64} 23. Ncd3 {78} Bf5 {129} 24. Rc5 {301} b6 {20} 25. Rc3 {34} Kh8 {144}
26. Rac1 {139} Rg8 {130} 27. a4 {183} Rg7 {105} 28. Rc7 {93} Rag8 {24} 29. Nh5
{122} Rh7 {139} 30. Ng3 {44} Bd7 {202} 31. R7c3 {213} Bg7 {623} 32. h5 {63} Bh6
{45} 33. Qb3 {46} Bg5 {78} 34. a5 {29} b5 {56} 35. Rc7 {120} Rb8 {263} 36. R7c5
{115} Be6 {19} 37. R1c3 {283} Kg7 {28} 38. Rc7 {128} Rbh8 {0} 39. Nc5 {177} Bc8
{23} 40. Nb7 {100} Qe6 {161} 41. Rxe7 {107} Qxe7 {15} 42. Rxc8 {12} Qxb7 {8}
43. Nf5# {36} 1-0